 Dungeon Crawl Stone Soup version 0.30-a0-553-g7fabdf1491 (webtiles) character file.

Game seed: 7526334451382200010

65 vlino the Trooper (level 3, -2/33 HPs)
             Began as a Draconian Berserker on Dec 27, 2022.
             Was a Believer of Trog.
             Slain by a worm (6 damage)
             ... on level 2 of the Dungeon.
             The game lasted 00:03:36 (1150 turns).

vlino the Trooper (Draconian Berserker)             Turns: 1150, Time: 00:03:37

Health: -2/33      AC:  5    Str: 21    XL:     3   Next: 92%
Magic:  3/3        EV: 12    Int:  7    God:    Trog [**....]
Gold:   25         SH:  0    Dex: 10    Spells: 2/2 levels left

rFire   . . .      SeeInvis .    a - +0 spear
rCold   . . .      Faith    .    (no shield)
rNeg    . . .      Spirit   .    (body armour unavailable)
rPois   .          Reflect  .    (helmet restricted)
rElec   .          Harm     .    (no cloak)
rCorr   .          Rampage  .    (no gloves)
Will    .....                    (no boots)
Stlth   +                        (no amulet)
HPRegen 0.25/turn                (no ring)
MPRegen 0.08/turn                (no ring)

@: on berserk cooldown, slowed, very slow
A: AC +5, unfitting armour, cold-blooded
a: Renounce Religion, Berserk, Trog's Hand


You were on level 2 of the Dungeon.
You worshipped Trog.
Trog was pleased with you.
You visited 1 branch of the dungeon, and saw 2 of its levels.

You collected 25 gold pieces.

Inventory:

Hand Weapons
 a - a +0 spear (weapon)
Scrolls
 b - a scroll of amnesia {unknown}
 c - 2 scrolls of enchant weapon {unknown}
 d - a scroll of blinking {unknown}


   Skills:
 + Level 3.9 Fighting
 + Level 3.8 Polearms
 + Level 3.3 Dodging
 + Level 0.1 Stealth


You had 2 spell levels left.
You didn't know any spells.
Your spell library was empty.

Dungeon Overview and Level Annotations

Branches:
Dungeon (2/15)

Altars:
Vehumet

Shops:
D:2 (

Annotations:
D:1 1 transporter


Innate Abilities, Weirdness & Mutations

Your plain brown scales are hard. (AC +5)
You cannot fit into any form of body armour.
You are cold-blooded and may be slowed by cold attacks.


Message History

It was a potion of curing.
You feel better. The worm bites you but does no damage.
A red film seems to cover your vision as you go berserk!
You feel yourself moving faster!
You feel mighty! The worm bites you.
* * * LOW HITPOINT WARNING * * *
The worm bites you.
* * * LOW HITPOINT WARNING * * *
You hit the worm.
You kill the worm!
Trog accepts your kill.
You see here a worm corpse.
You feel a strong urge to attack something.
The worm bites you.
* * * LOW HITPOINT WARNING * * *
You completely miss the worm.
You are no longer berserk.
You are exhausted.
You feel yourself slow down. The worm bites you but does no damage.
You hit the worm but do no damage. You tail-slap the worm.
The worm is moderately wounded.
You hit the worm.
The worm is heavily wounded.
The worm bites you but does no damage.
You hit the worm.
The worm is heavily wounded.
You feel the effects of Trog's Hand fading.
The worm bites you.
* * * LOW HITPOINT WARNING * * *
You completely miss the worm.
The worm is moderately wounded.
The worm bites you!
* * * LOW HITPOINT WARNING * * *
You barely miss the worm.
The worm is moderately wounded.
The worm barely misses you.
You completely miss the worm.
The worm is moderately wounded.
Your skin stops crawling.
You feel less strong-willed. The worm bites you.
You die...

#.###.# #...# ..
####.# #.## #...##
.# #....###..# #.#.#
. ##.......#.##..###
#####..............
##............#...#
.##..####..........#
..... #[........#
......###|.....@#...
..............†w#..#
#.....###.......#
#...............#
#.....#######....#
### ####.(. ####


You could see a worm.

Vanquished Creatures
  An adder (D:2)
  2 dart slugs
  2 worms (D:2)
  3 endoplasms
  A giant cockroach (D:2)
  5 goblins (D:1)
  4 hobgoblins (D:1)
  6 kobolds
  3 quokkas
  4 ball pythons
  7 bats
  2 frilled lizards (D:1)
  2 rats (D:1)
42 creatures vanquished.

Notes
Turn   | Place    | Note
-------+----------+-------------------------------------------
     0 | D:1      | vlino the Draconian Berserker began the quest for the Orb.
     0 | D:1      | Reached XP level 1. HP: 19/19 MP: 1/1
    94 | D:1      | Reached XP level 2. HP: 25/26 MP: 2/2
   601 | D:1      | Found a faded altar of an unknown god.
   607 | D:1      | Reached XP level 3. HP: 33/33 MP: 3/3
   861 | D:2      | Reached ** piety under Trog
   894 | D:2      | Found Xiebleqo's Weapon Shop.
   986 | D:2      | Found a radiant altar of Vehumet.
  1137 | D:2      | HP: 1/33 [worm (10)]
  1150 | D:2      | Slain by a worm

Illustrated notes

Levels and vault maps discovered:
D:1:      spicycebolla_arrival_transporter_tutorial, layout_loops_ring,
          hellmonk_ecumenical_altar_heavens_door
D:2:      layout_rooms, basic_altar, serial_shops, nicolae_shop_waterfront

Skill      XL: |  1 |
---------------+----+-----
Dodging        | 3 |  3.3
Fighting       | |  3.9
Polearms       | |  3.8
Stealth        | |  0.1

Action                   || total
-------------------------++-------
Melee: Spear             ||   157
       Tailslap          ||    19
Invok: Berserk           ||     1
       Trog's Hand       ||     1
  Use: Potion            ||     1
 Stab: Sleeping          ||     1
Armor: Skin              ||    66
Dodge: Dodged            ||   118

Table legend: (Time is in decaauts)
 A = Elapsed time spent in this place.
 B = Non-inter-level travel time spent in this place.
 C = Inter-level travel time spent in this place.
 D = Time resting spent in this place.
 E = Time spent auto-exploring this place.
 F = Levels seen in this place.
 G = Mean time per level.
                   A        B        C        D        E       F      G
               +--------+--------+--------+--------+--------+-----+--------+
         Total |   1142 |   1127 |     15 |      0 |    618 |   2 |  571.0 |
       Dungeon |   1142 |   1127 |     15 |      0 |    618 |   2 |  571.0 |
               +--------+--------+--------+--------+--------+-----+--------+

Top non-repeatable levels by time:
     D:1: 845 daAuts
     D:2: 296 daAuts
